 Dungeon Crawl Stone Soup version 0.29.0-4-gdea44cf6ec (webtiles) character file.

Game seed: 3692242215090929500

32 qw the Chopper (level 3, -1/21 HPs)
             Began as a Tengu Warper on Aug 28, 2022.
             Was an Initiate of Okawaru.
             Slain by Sigmund
             ... wielding a +0 scythe
              (10 damage)
             ... on level 2 of the Dungeon.
             The game lasted 00:00:08 (1427 turns).

qw the Chopper (Tengu Warper)                       Turns: 1427, Time: 00:00:08

Health: -1/21      AC:  4    Str: 13    XL:     3   Next: 25%
Magic:  7/7        EV: 12    Int: 13    God:    Okawaru [......]
Gold:   70         SH:  0    Dex: 13    Spells: 6/6 levels left

rFire   . . .      SeeInvis .   Y - +0 hand axe
rCold   . . .      Faith    .   (no shield)
rNeg    . . .      Spirit   .   b - +0 leather armour
rPois   .          Reflect  .   (helmet restricted)
rElec   .          Harm     .   (no cloak)
rCorr   .          Rampage  .   j - +0 pair of gloves
Will    .....                   (boots unavailable)
Stlth   +.........              (no amulet)
HPRegen 0.07/turn               (no ring)
MPRegen 0.10/turn               (no ring)

@: no status effects
A: beak, talons 3
a: Renounce Religion


You were on level 2 of the Dungeon.
You worshipped Okawaru.
Okawaru was noncommittal.
You visited 1 branch of the dungeon, and saw 2 of its levels.

You collected 70 gold pieces.


Innate Abilities, Weirdness & Mutations

You have a beak for a mouth.
You have claws for feet.


   Skills:
 - Level 2.0 Fighting
 + Level 4.0 Axes
 - Level 1.0 Throwing
 - Level 1.1 Armour
 - Level 2.1 Dodging
 - Level 2.0 Spellcasting
 - Level 2.4 Translocations


You had 6 spell levels left.
You didn't know any spells.
Your spell library contained the following spells:

 Spells                   Type           Power      Damage    Failure   Level
 Blink                    Tloc           14%        N/A       19%         2
 Gell's Gravitas          Tloc           7%         N/A       36%         3
 Lesser Beckoning         Tloc           7%         N/A       36%         3
 Teleport Other           Tloc           7%         N/A       36%         3
 Manifold Assault         Tloc           7%         N/A       98%         5

Inventory:

Hand Weapons
 g - a +0 whip
 Y - a +0 hand axe (weapon)
Armour
 b - a +0 leather armour (worn)
 j - a +0 pair of gloves (worn)
Scrolls
 a - a scroll of teleportation
Potions
 c - a potion of flight {unknown}
 e - a potion of brilliance {unknown}
 f - a potion of heal wounds
 h - a potion of curing

Dungeon Overview and Level Annotations

Branches:
Dungeon (2/15)

Altars:
Okawaru

Annotations:
D:2 Sigmund


Message History

c - an inky potion
Found 2 poisoned darts.
Found 9 gold pieces.
There is an iron altar of Okawaru here.
Press < or > to pray at altars.
Press < or > to pray at altars.
Enter note: Press < or > to pray at altars.
You kneel at the altar of Okawaru.
Okawaru welcomes you!
Press < or > to pray at altars.
Press < or > to pray at altars.
Press < or > to pray at altars.
Press < or > to pray at altars.
You now have 70 gold pieces (gained 9).
An endoplasm comes into view.
The endoplasm quivers.
You barely miss the endoplasm. You claw the endoplasm.
You kill the endoplasm!
Okawaru accepts your kill.
A quokka comes into view.
Found a stone staircase leading up.
Enter note: You slash the quokka!
You kill the quokka!
Okawaru accepts your kill.
Your Axes skill increases to level 4!
Sigmund the Dreaded comes into view.
He is wielding a +0 scythe.
Sigmund casts a spell at you. The magic dart hits you.
Sigmund closely misses you.
You barely miss Sigmund. Your kick misses Sigmund. You peck Sigmund.
Sigmund is lightly wounded.
Sigmund barely misses you.
You hit Sigmund. Your peck misses Sigmund.
Sigmund is lightly wounded.
Sigmund hits you with a +0 scythe!
You slash Sigmund! You claw Sigmund. Your peck misses Sigmund.
Sigmund is heavily wounded.
Sigmund hits you with a +0 scythe!
You die...

.. .# .# .# .# .#
###@########.....
#.@....##........
#.###..##........
#.##...##........
#.##.#.##........
#.##.#.##........
#......##.......#
####.####.(...<.#
#..........####
#......#######


You could see Sigmund.

Vanquished Creatures
  2 dart slugs (D:1)
  4 bats (D:1)
  2 endoplasms
  A giant cockroach (D:1)
  4 goblins (D:1)
  3 hobgoblins (D:1)
  A quokka (D:2)
  A ball python (D:1)
  2 frilled lizards (D:1)
  3 kobolds
  2 rats (D:1)
25 creatures vanquished.

Notes
Turn   | Place    | Note
-------+----------+-------------------------------------------
     0 | D:1      | qw the Tengu Warper began the quest for the Orb.
     0 | D:1      | Reached XP level 1. HP: 12/12 MP: 4/4
     0 | D:1      | 0 ||| qw: Version: 0.1-a-89-g26bdef1
     0 | D:1      | 0 ||| qw: Game counter: 1738
     0 | D:1      | 0 ||| qw: Always use a shield: true
     0 | D:1      | 0 ||| qw: God list: Okawaru
     0 | D:1      | 0 ||| qw: Allow faded altars: false
     0 | D:1      | 0 ||| qw: Do Orc after D:15 true
     0 | D:1      | 0 ||| qw: Do second Lair branch before Depths: true
     0 | D:1      | 0 ||| qw: Lair rune preference: random
     0 | D:1      | 0 ||| qw: Plans: Normal
     0 | D:1      | 0 ||| PLANNING D:1-11
    23 | D:1      | 23 ||| Stepping ~*~*~tactically~*~*~ (stealth).
   471 | D:1      | 471 ||| Stepping ~*~*~tactically~*~*~ (hiding).
   577 | D:1      | Reached skill level 3 in Axes
   577 | D:1      | Reached XP level 2. HP: 14/17 MP: 6/6
   747 | D:1      | 747 ||| Stepping ~*~*~tactically~*~*~ (stealth).
   749 | D:1      | 749 ||| Stepping ~*~*~tactically~*~*~ (stealth).
   750 | D:1      | 750 ||| Stepping ~*~*~tactically~*~*~ (stealth).
   758 | D:1      | 758 ||| Stepping ~*~*~tactically~*~*~ (stealth).
   763 | D:1      | 763 ||| Stepping ~*~*~tactically~*~*~ (stealth).
   855 | D:1      | 855 ||| Stepping ~*~*~tactically~*~*~ (stealth).
   860 | D:1      | 860 ||| Stepping ~*~*~tactically~*~*~ (stealth).
   935 | D:1      | 935 ||| Stepping ~*~*~tactically~*~*~ (stealth).
   936 | D:1      | 936 ||| Stepping ~*~*~tactically~*~*~ (stealth).
   954 | D:1      | 954 ||| Stepping ~*~*~tactically~*~*~ (stealth).
  1049 | D:1      | Found a faded altar of an unknown god.
  1061 | D:1      | Reached XP level 3. HP: 21/21 MP: 7/7
  1198 | D:1      | 1198 ||| Stepping ~*~*~tactically~*~*~ (stealth).
  1199 | D:1      | 1199 ||| Stepping ~*~*~tactically~*~*~ (stealth).
  1205 | D:1      | 1205 ||| Stepping ~*~*~tactically~*~*~ (stealth).
  1206 | D:1      | 1206 ||| Stepping ~*~*~tactically~*~*~ (stealth).
  1212 | D:1      | 1212 ||| Stepping ~*~*~tactically~*~*~ (stealth).
  1276 | D:1      | 1276 ||| UPGRADING to +0 pair of gloves.
  1281 | D:1      | 1281 ||| READING scroll labelled GEEKHL JINETZ.
  1282 | D:1      | 1282 ||| READING scroll labelled URA NINIRHUF.
  1285 | D:1      | 1285 ||| DRINKING 2 blue potions.
  1286 | D:1      | 1286 ||| DRINKING 2 puce potions.
  1287 | D:1      | 1287 ||| DROPPING scroll of blinking.
  1368 | D:2      | Found an iron altar of Okawaru.
  1378 | D:2      | Became a worshipper of Warmaster Okawaru
  1408 | D:2      | Reached skill level 4 in Axes
  1422 | D:2      | Noticed Sigmund
  1427 | D:2      | Slain by Sigmund

Levels and vault maps discovered:
D:1:      dpeg_arrival_arbitrary_c, layout_loops_cross,
          chequers_ecumenical_altar_simple
D:2:      layout_loops_cross, basic_altar, uniq_sigmund

Skill      XL: |  1  2  3 |
---------------+----------+-----
Axes           | 3 4 |  4.0
Fighting       | |  2.0
Throwing       | |  1.0
Armour         | |  1.1
Dodging        | |  2.1
Spellcasting   | |  2.0
Translocations | |  2.4

Action                   || total
-------------------------++-------
Melee: Hand axe          ||    67
       Kick              ||    13
       Peck              ||     9
Throw: Boomerang         ||     7
  Use: Scroll            ||     2
       Potion            ||     2
Armor: Leather armour    ||    19
Dodge: Dodged            ||    33

Table legend:
 A = Non-vault XP
 B = Vault XP
 C = Vault XP percentage of total XP
 D = Non-vault monster count
 E = Vault monster count
 F = Vault count percentage of total count
                 A         B        C        D         E       F
            +---------+---------+-------+---------+---------+-------
      Total |      46 |       0 |   0.0 |      25 |       0 |   0.0
            +---------+---------+-------+---------+---------+-------
        D:1 |      41 |       0 |   0.0 |      22 |       0 |   0.0
        D:2 |       5 |       0 |   0.0 |       3 |       0 |   0.0
            +---------+---------+-------+---------+---------+-------
